Map: Frozen Temple

Players

Nickos - Winner!

  • Race: Terran Terran
  • League: Gold

ZOSO

  • Race: Protoss Protoss
  • League: Gold

VOD

Have the link to the VOD?

Description

Time

  • Played on: Sept. 24, 2016, 4:02 a.m.
  • Length: 10:58
Show
View Real Time Build Order
Export as new Build Order

Nickos Terran - Winner!

Build Orders:  

Get SALT Encoding   

  12  0:01  SCV  
  13  0:13  SCV  
  14  0:18  Supply Depot  
  14  0:25  SCV  
  15  0:39  SCV  
  16  0:44  Barracks  
  16  0:52  SCV  
  17  1:04  SCV  
  18  1:16  SCV  
  19  1:28  SCV  
  19  1:31  Command Center  
  20  1:39  Barracks  
  20  1:40  SCV  
  21  1:49  Supply Depot  
  21  1:55  Orbital Command  
  21  1:57  Marine  
  22  2:12  Bunker  
  22  2:15  Barracks  
  22  2:22  SCV  
  23  2:32  Refinery  
  23  2:33  Refinery, Marine  
  23  2:34  SCV  
  25  2:37  Marine  
  26  2:46  SCV  
  26  2:47  Orbital Command  
  26  2:51  Marine  
  27  2:58  SCV  
  29  3:01  Marine  
  29  3:08  Barracks Tech Lab  
  29  3:10  SCV  
  30  3:14  Marine  
  30  3:15  Refinery  
  30  3:19  SCV  
  32  3:22  SCV  
  33  3:30  Supply Depot  
  33  3:31  SCV  
  34  3:34  SCV  
  34  3:35  Stimpack  
  35  3:43  SCV  
  35  3:45  Barracks Reactor  
  35  3:46  SCV  
  37  3:55  SCV  
  38  3:58  Supply Depot, SCV  
  39  4:06  Barracks Reactor  
  39  4:07  SCV  
  40  4:11  Factory  
  40  4:15  SCV  
  41  4:19  SCV  
  41  4:23  Supply Depot  
  42  4:27  SCV  
  43  4:31  SCV, Marine x2  
  43  4:32  Marauder  
  48  4:39  SCV  
  48  4:44  SCV  
  50  4:46  Supply Depot, Marine x2  
  50  4:49  Marine  
  50  4:51  SCV  
  50  4:52  Marine  
  55  4:53  Engineering Bay  
  55  4:54  Marauder  
  55  4:55  Engineering Bay  
  55  4:56  Factory Reactor, SCV  
  58  5:00  Starport  
  58  5:03  SCV  
  59  5:11  Marine, SCV  
  59  5:12  Marine x3  
  62  5:14  Marine  
  62  5:19  Missile Turret  
  55  5:30  Marine x2  
  56  5:46  Orbital Command  
  56  5:47  Marine x3  
  58  5:53  Marine x2  
  60  6:05  Marine x3  
  60  6:06  Medivac  
  60  6:07  Medivac  
  60  6:11  Marine x2  
  68  6:17  SCV  
  70  6:21  Missile Turret  
  70  6:23  Marine x2  
  72  6:28  Marauder  
  72  6:32  Terran Infantry Weapons Level 1, Supply Depot  
  74  6:36  Medivac  
  74  6:39  SCV  
  77  6:40  SCV  
  78  6:53  Marine x4  
  84  6:54  Marauder  
  84  6:59  SCV  
  84  7:00  SCV  
  86  7:10  Supply Depot  
  86  7:14  Supply Depot  
  86  7:15  Supply Depot  
  86  7:16  Supply Depot  
  86  7:31  Marine  
  86  7:32  Reaper x3  
  89  7:38  Marine  
  89  7:39  Medivac  
  91  7:49  Marine  
  84  7:56  Marine  
  77  7:58  Medivac  
  77  8:03  Marine x3  
  77  8:05  Barracks x2  
  68  8:06  Barracks  
  68  8:07  Barracks, Marine  
  69  8:13  Marine  
  69  8:17  Command Center  
  65  8:21  Marine x3  
  65  8:23  SCV x2  
  70  8:27  Terran Infantry Armor Level 1  
  70  8:40  Marine x2, SCV x2  
  70  8:41  Marine x3  
  75  8:47  Supply Depot  
  77  8:49  Supply Depot  
  77  8:52  SCV x2  
  77  8:53  Supply Depot  
  77  8:55  Refinery  
  79  8:57  Refinery  
  79  9:00  Marine  
  79  9:01  Barracks Tech Lab, Marine x2  
  79  9:02  Barracks Tech Lab x3  
  82  9:04  SCV x2  
  84  9:25  Marine x2  
  84  9:26  Marine x3  
  84  9:27  Marauder x2  
  93  9:33  Marine  
  93  9:34  Marauder  
  94  9:44  Marauder  
  96  9:48  Marauder x2, Marine x4  
  96  9:52  Supply Depot, Marauder  
  106  9:55  Marauder  
  108  10:00  SCV  
  108  10:01  SCV x2  
  108  10:05  Marine  
  112  10:10  Marauder x2  
  112  10:13  Marauder, SCV  
  119  10:14  SCV  
  119  10:16  Orbital Command  
  119  10:17  Marauder  
  119  10:18  Marine x4  
  126  10:23  Marine  
  126  10:25  SCV  
  126  10:26  SCV  
  129  10:30  Marine  
Show
View Real Time Build Order
Export as new Build Order

ZOSO Protoss 

Build Orders:  

Get SALT Encoding   

  12  0:02  Probe (Chrono Boost)  
  13  0:13  Probe (Chrono Boost)  
  14  0:21  Pylon  
  14  0:25  Probe (Chrono Boost)  
  15  0:39  Probe (Chrono Boost)  
  16  0:45  Gateway  
  16  0:50  Probe (Chrono Boost)  
  16  0:51  Assimilator  
  17  0:57  Assimilator  
  17  1:01  Probe (Chrono Boost)  
  18  1:14  Gateway, Probe (Chrono Boost)  
  19  1:27  Probe (Chrono Boost)  
  20  1:35  Cybernetics Core  
  20  1:37  Probe (Chrono Boost)  
  21  1:45  Pylon  
  21  1:57  Probe (Chrono Boost)  
  22  2:03  Warp Gate  
  22  2:12  Gateway, Probe (Chrono Boost)  
  25  2:24  Adept  
  25  2:26  Mothership Core (Chrono Boost)  
  26  2:31  Adept  
  28  2:48  Pylon  
  30  2:58  Adept  
  30  3:06  Adept x2  
  34  3:15  Pylon  
  34  3:25  Stargate  
  34  3:35  Stalker  
  34  3:36  Stalker  
  38  4:05  Oracle  
  38  4:08  Stalker  
  43  4:30  Gateway  
  43  4:32  Stalker  
  43  4:34  Stalker  
  47  4:39  Forge  
  45  5:49  Stalker  
  47  5:51  Nexus  
  47  5:53  Pylon  
  47  5:57  Pylon  
  47  5:58  Photon Cannon  
  44  6:07  Sentry  
  46  6:11  Stalker x2  
  46  6:15  Probe (Chrono Boost)  
  51  6:28  Void Ray  
  51  6:29  Probe (Chrono Boost)  
  52  6:37  Stalker x2  
  60  6:45  Pylon  
  61  6:47  Probe (Chrono Boost)  
  61  6:55  Pylon  
  61  6:59  Probe (Chrono Boost)  
  62  7:03  Probe (Chrono Boost)  
  63  7:10  Pylon  
  63  7:13  Probe (Chrono Boost)  
  64  7:22  Photon Cannon  
  64  7:25  Probe (Chrono Boost)  
  64  7:26  Probe (Chrono Boost)  
  66  7:42  Probe (Chrono Boost)  
  66  7:44  Probe (Chrono Boost)  
  39  8:09  Probe (Chrono Boost)  
  39  8:10  Probe (Chrono Boost)  
  43  8:20  Mothership Core (Chrono Boost)  
  43  8:31  Probe (Chrono Boost)  
  44  8:37  Twilight Council  
  44  8:38  Probe (Chrono Boost)  
  45  8:45  Probe (Chrono Boost)  
  46  8:49  Probe (Chrono Boost)  
  47  8:56  Robotics Facility  
  47  9:01  Probe (Chrono Boost)  
  49  9:03  Probe (Chrono Boost)  
  41  9:19  Probe (Chrono Boost)  
  41  9:21  Probe (Chrono Boost)  
  43  9:36  Probe (Chrono Boost)  
  43  9:37  Probe (Chrono Boost)  
  45  9:46  Probe (Chrono Boost)  
  45  9:50  Probe (Chrono Boost)  
  47  9:56  Warp Prism  
  47  9:57  Probe (Chrono Boost)  
  50  10:03  Probe (Chrono Boost)  
  51  10:11  Dark Shrine  
  51  10:13  Probe (Chrono Boost)  
  52  10:18  Probe (Chrono Boost)  
  53  10:24  Probe (Chrono Boost)  
  54  10:32  Probe (Chrono Boost)  
Tags
 
Add a new tag
Caveats
  • Supply blocks, unpowered buildings, or Contaminate may cause inaccurate times.
  • Supply counts are checked every 10 seconds.